 Dungeon Sprint DCSS version 0.23.2-1-ga50397a (webtiles) character file.

Game seed: 2942292098400892697

13518 razor4143 the Bludgeoner (level 12, -5/144 HPs)
             Began as an Ogre Monk on Apr 28, 2019.
             Was the Champion of the Shining One.
             Killed from afar by a spriggan air mage (7 damage)
             ... with a bolt of lightning
             ... in the Dungeon (Sprint V: "Ziggurat Sprint").
             The game lasted 00:09:02 (1049 turns).

razor4143 the Bludgeoner (Ogre Monk)                Turns: 1049, Time: 00:09:03

Health: -5/144     AC: 23    Str: 28    XL:     12   Next: 6%
Magic:  20/20      EV:  6    Int: 13    God:    the Shining One [******]
Gold:   0          SH:  0    Dex: 11    Spells: 11/11 levels left

rFire    + + .     SeeInvis .   K - +7 great mace "Firestarter" {inner flame, rF++}
rCold    + + +     Gourm    .   (shield currently unavailable)
rNeg     + + +     Faith    .   G - +5 gold dragon scales
rPois    +         Spirit   .   (helmet restricted)
rElec    +         Reflect  .   z - +0 cloak
rCorr    .         Harm     .   (gloves unavailable)
MR       +....     NoTele   +   (boots unavailable)
Stlth    ..........             y - amulet of rage
HPRegen  0.34/turn              C - +6 ring of strength
MPRegen  0.17/turn              O - ring of Insomnia {rElec rF- rC++ Int+2 Stlth+}

@: flying (expiring), glowing
A: large, unfitting armour, tough skin 1
a: Divine Shield, Cleansing Flame, Summon Divine Warrior, Brand Weapon With Holy
Wrath, Renounce Religion, Evoke Berserk Rage


You were in the Dungeon.
You worshipped the Shining One.
The Shining One was exalted by your worship.
You were not hungry.

You visited 1 branch

Inventory:

Hand Weapons
 F - a +5 giant spiked club of crushing
 H - the +10 dark maul {crush}
   (You found it in the Dungeon)

   It inflicts extra damage upon your enemies.
 K - the +7 great mace "Firestarter" (weapon) {inner flame, rF++}
   (You found it in the Dungeon)

   It has been specially enchanted to burn those struck by it, causing extra
   injury to most foes and up to half again as much damage against particularly
   susceptible opponents.
   It greatly protects you from fire.
 L - the +6 shillelagh "Devastator" {shatter}
   (You found it in the Dungeon)
Armour
 z - a +0 cloak (worn)
 G - +5 gold dragon scales (worn)
 I - the +18 shield of the Gong {rElec rN+ MR+ EV-5}
   (You found it in the Dungeon)

   It affects your evasion (-5).
   It insulates you from electricity.
   It protects you from negative energy.
   It affects your resistance to hostile enchantments.
Jewellery
 a - an uncursed ring of see invisible
 y - an amulet of rage (around neck)
 C - a +6 ring of strength (left hand)
 D - a +6 ring of strength
 J - a +3 ring of protection
 O - the ring of Insomnia (right hand) {rElec rF- rC++ Int+2 Stlth+}
   (You found it in the Dungeon)

   [ring of stealth]

   It affects your intelligence (+2).
   It makes you vulnerable to fire.
   It greatly protects you from cold.
   It insulates you from electricity.
   It makes you more stealthy.
 R - an uncursed ring of resist corrosion
Wands
 v - a wand of disintegration (7)
 w - a wand of iceblast (7)
 x - a wand of acid (6)
 B - a wand of paralysis (10)
Scrolls
 i - 4 scrolls of blinking
 p - 4 scrolls of amnesia
 q - 7 scrolls of fog
 r - a scroll of holy word
 s - 5 scrolls of identify
 t - 5 scrolls of remove curse
 u - 2 scrolls of fear
 Q - 4 scrolls of enchant weapon
Potions
 d - 10 potions of curing
 e - 9 potions of heal wounds
 f - 6 potions of haste
 g - 7 potions of magic
 h - 3 potions of berserk rage
 j - 2 potions of brilliance
 l - 4 potions of resistance
 n - 6 potions of agility
 o - 5 potions of might
Miscellaneous
 k - 2 sacks of spiders
 m - 3 phantom mirrors
 A - a lamp of fire
 E - a lightning rod (4/4)
 M - a phial of floods
 N - a fan of gales
 P - 3 boxes of beasts
Comestibles
 c - 6 rations


   Skills:
 - Level 16.2 Fighting
 * Level 19.0 Maces & Flails
 + Level 7.4 Armour
 - Level 7.9 Dodging
 - Level 1.4 Stealth
 + Level 11.8 Invocations


You had 11 spell levels left.
You didn't know any spells.
Your spell library contained the following spells:

 Spells                   Type           Power        Failure   Level  Hunger
 Animate Skeleton         Necr           N/A          100%        1    ##.....
 Apportation              Tloc           #.....       100%        1    ##.....
 Beastly Appendage        Tmut           #.....       100%        1    ##.....
 Confusing Touch          Hex            #.....       100%        1    ##.....
 Corona                   Hex            #......      100%        1    ##.....
 Freeze                   Ice            #...         100%        1    ##.....
 Infusion                 Chrm           #...         100%        1    ##.....
 Shock                    Conj/Air       #...         100%        1    ##.....
 Sting                    Conj/Pois      #...         100%        1    ##.....
 Summon Small Mammal      Summ           #...         100%        1    ##.....
 Corpse Rot               Necr           N/A          100%        2    ###....
 Poisonous Vapours        Pois/Air       #.....       100%        2    ###....
 Slow                     Hex            #.......     100%        2    ###....
 Sticks to Snakes         Tmut           #.......     100%        2    ###....
 Sublimation of Blood     Necr           #.........   100%        2    ###....
 Swiftness                Chrm/Air       #.......     100%        2    ###....
 Ignite Poison            Fire/Tmut/Pois #.......     100%        3    ####...
 Inner Flame              Hex/Fire       #.......     100%        3    ####...
 Mephitic Cloud           Conj/Pois/Air  #.......     100%        3    ####...
 Portal Projectile        Hex/Tloc       #.....       100%        3    ####...
 Recall                   Summ/Tloc      N/A          100%        3    ####...
 Static Discharge         Conj/Air       #.......     100%        3    ####...
 Airstrike                Air            #.........   100%        4    #####..
 Animate Dead             Necr           N/A          100%        4    #####..
 Cause Fear               Hex            #.........   100%        4    #####..
 Leda's Liquefaction      Hex/Erth       #.........   100%        4    #####..
 Olgreb's Toxic Radiance  Pois           #.......     100%        4    #####..
 Petrify                  Tmut/Erth      #.......     100%        4    #####..
 Agony                    Necr           #.......     100%        5    ######.
 Alistair's Intoxication  Tmut/Pois      #.......     100%        5    ######.
 Blade Hands              Tmut           #.........   100%        5    ######.
 Bolt of Draining         Conj/Necr      #.........   100%        5    ######.
 Borgnjor's Vile Clutch   Necr/Erth      #.........   100%        5    ######.
 Dispel Undead            Necr           #.......     100%        5    ######.
 Excruciating Wounds      Chrm/Necr      #.........   100%        5    ######.
 Fireball                 Conj/Fire      #.........   100%        5    ######.
 Irradiate                Conj/Tmut      #.........   100%        5    ######.
 Lightning Bolt           Conj/Air       #.........   100%        5    ######.
 Silence                  Hex/Air        #.........   100%        5    ######.
 Venom Bolt               Conj/Pois      #.........   100%        5    ######.
 Yara's Violent Unravell  Hex/Tmut       #.........   100%        5    ######.
 Bolt of Cold             Conj/Ice       #.........   100%        6    #######
 Bolt of Fire             Conj/Fire      #.........   100%        6    #######
 Death Channel            Necr           #.........   100%        6    #######
 Deflect Missiles         Chrm/Air       #.........   100%        6    #######
 Freezing Cloud           Conj/Ice/Air   #.........   100%        6    #######
 Iron Shot                Conj/Erth      #.........   100%        6    #######
 Ozocubu's Refrigeration  Ice            #.........   100%        6    #######
 Poison Arrow             Conj/Pois      #.........   100%        6    #######
 Simulacrum               Ice/Necr       #.........   100%        6    #######
 Malign Gateway           Summ/Tloc      #.........   100%        7    #######
 Monstrous Menagerie      Summ           #.........   100%        7    #######
 Ring of Flames           Chrm/Fire      #.........   100%        7    #######
 Summon Greater Demon     Summ           #.........   100%        7    #######
 Chain Lightning          Conj/Air       #.........   100%        8    #######
 Discord                  Hex            #.........   100%        8    #######
 Ignition                 Fire           #.........   100%        8    #######
 Lehudib's Crystal Spear  Conj/Erth      #.........   100%        8    #######
 Summon Horrible Things   Summ           #.........   100%        8    #######
 Fire Storm               Conj/Fire      #.........   100%        9    #######
 Glaciate                 Conj/Ice       #.........   100%        9    #######
 Tornado                  Air            #.........   100%        9    #######


Dungeon Overview and Level Annotations

Branches:
Dungeon (1/1)

Altars:
Ashenzari
Cheibriados
Dithmenos
Elyvilon
Fedhas
Gozag
Hepliaklqana
Kikubaaqudgha
Makhleb
Nemelex Xobeh
Okawaru
Qazlal
Ru
Sif Muna
Trog
Uskayaw
Vehumet
Wu Jian
Xom
Yredelemnul
Zin
The Shining One
Beogh
Jiyva
Lugonu

Annotations:
D 1 transporter


Innate Abilities, Weirdness & Mutations

You are too large for most types of armour.
You have tough skin. (AC +1)


Message History

Put on which piece of jewellery? (? for menu, Esc to quit)
Okay, then.
Unknown command.
Unknown command.
You bludgeon the storm dragon!! You burn the storm dragon.
The storm dragon is filled with an inner flame.
The storm dragon is severely wounded.
You are engulfed in raging winds.
The spriggan air mage dies!
* * * LOW HITPOINT WARNING * * *
x2 The spriggan air mage dies!
The winds around the air elemental start to calm down.
The air elemental hits you.
* * * LOW HITPOINT WARNING * * *
The air elemental hits you but does no damage. x2
The spriggan air mage casts a spell at you.
The bolt of lightning hits the air elemental.
The air elemental completely resists.
The bolt of lightning hits you! You resist.
You die...

▓....[...▓..=
▓........▓...
▓▓▓▓▓▓▓▓▓▓▓▓........▓...
....8©8....▓...†....▓...
▓..§§?§))=..▓.▓.÷÷.▓.▓.▓.
▓..§§§§§[§..▓...©....▓...
▓..§§§§§§§§.▓▓▓▓▓▓▓▓▓▓▓▓▓
▓.§§§§§i§§§§▓...8©8...▓..
▓..§§§iE@§§§▓...=")...▓..
▓..§§§§EiE§§▓...)))...▓..
..▓§k§kD▓§§▓.........▓..
▓.▓§§§▓§▓§▓.........▓..
▓..▓§§§§§▓.§▓.........▓..
▓...§§§§....▓.........▓..
▓▓▓▓▓▓▓▓▓▓▓▓▓.▓.÷÷..▓.▓..
▓....8©8....▓....©....▓..
▓..).)))[)..▓▓▓▓▓▓▓▓▓▓▓▓▓


You could see a storm dragon (inner flame), 2 wind drakes, 3 spriggan air magi
and 3 air elementals.

Vanquished Creatures
  A lich (D)
  A ghoul (D)
  A reaper (D)
  Erolcha (D)
  Erica (D)
  A soul eater (D)
  A skeletal warrior (D)
  A flayed ghost (D)
  A necromancer (D)
  2 black mambas (D)
  2 naga magi (D)
  2 toenail golems (D)
  Eustachio (D)
  A wraith (D)
  3 spriggans (D)
  4 yaks (D)
  2 basilisks (D)
  Edmund (D)
  4 nagas (D)
  4 porcupines (D)
  Duvessa (D)
  A hell hound (D)
  5 water moccasins (D)
  A necrophage (D)
  2 wolves (D)
  3 bullfrogs (D)
  Dowan (D)
  6 wights (D)
  3 crimson imps (D)
  An iron imp (D)
  Crazy Yiuf (D)
  Jessica (D)
  A mummy (D)
  2 adders (D)
  A river rat (D)
  A shadow imp (D)
  3 white imps (D)
  An ufetubus (D)
  3 spectral adders (D)
  An adder skeleton (D)
  2 spectral bats (D)
  2 bat skeletons (D)
  3 bat zombies (D)
  A ball python (D)
  2 jackal zombies (D)
  2 leopard gecko skeletons (D)
  A quokka skeleton (D)
87 creatures vanquished.

Vanquished Creatures (others)
  2 spriggan air magi (D)
  2 insubstantial wisps (D)
4 creatures vanquished.

Grand Total: 91 creatures vanquished

Notes
Turn   | Place    | Note
-------+----------+-------------------------------------------
     0 | D        | Found the +6 Majin-Bo {vamp, Archmagi MP+6 Int+6}
     0 | D        | Found the +7 great mace "Firestarter" {inner flame, rF++}
     0 | D        | razor4143 the Ogre Monk began the quest for the Orb.
     0 | D        | Reached XP level 1. HP: 24/24 MP: 1/1
     0 | D        | Found a blossoming altar of Fedhas.
     1 | D        | Found a deep blue altar of Sif Muna.
     1 | D        | Found a sacrificial altar of Ru.
     1 | D        | Found a bloodstained altar of Trog.
     1 | D        | Found a stormy altar of Qazlal.
     1 | D        | Found an iron altar of Okawaru.
     1 | D        | Found a sparkling altar of Nemelex Xobeh.
     3 | D        | Found a transporter.
     3 | D        | Found an ancient bone altar of Kikubaaqudgha.
     3 | D        | Found a viscous altar of Jiyva.
     3 | D        | Found a corrupted altar of Lugonu.
     3 | D        | Found a hazy altar of Hepliaklqana.
     3 | D        | Found a burning altar of Makhleb.
     3 | D        | Found an opulent altar of Gozag.
    19 | D        | Found the +9 heavy crossbow "Sniper" {velocity, Acc+∞ SInv}
    19 | D        | Found the +10 dark maul {crush}
    19 | D        | Found the +15 Maxwell's patent armour {-Cast -Tele rElec
                  | MR+ rCorr}
    19 | D        | Found the +18 shield of the Gong {rElec rN+ MR+ EV-5}
    19 | D        | Found the cursed +14 obsidian axe {chop, +Fly SInv *Curse}
    21 | D        | Found the +6 shillelagh "Devastator" {shatter}
    21 | D        | Found the +11 plutonium sword {*Contam Stlth-}
    21 | D        | Found the +8 lance "Wyrmbane" {slay drac, rPois rF+ rC+
                  | AC+3}
    21 | D        | Found the +9 sword of Zonguldrok {reap}
    21 | D        | Found the cursed +13 scythe of Curses {drain, *Curse}
    21 | D        | Found the +0 sword of Power
    21 | D        | Found the +7 mace of Variability {chain chaos}
    21 | D        | Found the +7 Singing Sword {slice, sonic wave}
    21 | D        | Found the +7 longbow "Piercer" {penet, EV-2}
    67 | D        | Reached skill level 7 in Maces & Flails
    67 | D        | Reached XP level 2. HP: 32/32 MP: 2/2
    81 | D        | Became a worshipper of the Shining One
    81 | D        | Reached * piety under the Shining One
    81 | D        | Reached ** piety under the Shining One
   107 | D        | Entered arena 2.
   107 | D        | Noticed a toenail golem
   107 | D        | Noticed a toenail golem
   107 | D        | Found a transporter.
   112 | D        | Killed a toenail golem
   112 | D        | Reached skill level 9 in Maces & Flails
   112 | D        | Reached skill level 5 in Dodging
   112 | D        | Reached XP level 3. HP: 48/48 MP: 3/3
   112 | D        | Reached XP level 4. HP: 57/57 MP: 4/4
   112 | D        | Reached XP level 5. HP: 63/63 MP: 5/5
   112 | D        | Reached XP level 6. HP: 72/72 MP: 6/6
   114 | D        | Killed a toenail golem
   114 | D        | Reached skill level 11 in Maces & Flails
   114 | D        | Reached skill level 5 in Armour
   114 | D        | Reached XP level 7. HP: 77/83 MP: 7/7
   125 | D        | Entered arena 3.
   125 | D        | Noticed a spriggan
   125 | D        | Noticed a spriggan
   125 | D        | Noticed a spriggan
   125 | D        | Found a transporter.
   131 | D        | Killed a spriggan
   132 | D        | Killed a spriggan
   132 | D        | Reached skill level 10 in Fighting
   132 | D        | Reached XP level 8. HP: 90/93 MP: 8/8
   135 | D        | Killed a spriggan
   153 | D        | Entered arena 4.
   153 | D        | Reached *** piety under the Shining One
   153 | D        | Reached **** piety under the Shining One
   153 | D        | Found a transporter.
   156 | D        | Reached ***** piety under the Shining One
   166 | D        | Got a transparent cloak
   172 | D        | Identified the -2 cloak of the Slightly Bent {Str+2} (You
                  | acquired it in the Dungeon)
   179 | D        | Entered arena 5.
   179 | D        | Found a transporter.
   182 | D        | Reached skill level 12 in Maces & Flails
   196 | D        | Got the Handbook of Mutagenic Weightlessness
   203 | D        | Entered arena 6.
   203 | D        | Found a transporter.
   204 | D        | Reached ****** piety under the Shining One
   234 | D        | Entered arena 7.
   234 | D        | Noticed a yak
   234 | D        | Noticed a yak
   237 | D        | Reached XP level 9. HP: 105/105 MP: 9/9
   237 | D        | Reached skill level 13 in Maces & Flails
   244 | D        | Reached skill level 14 in Maces & Flails
   245 | D        | Found a transporter.
   253 | D        | Got the +4 dagger "Ethronutt" {venom, rC+}
   264 | D        | Got Lyamar's Guide on Damaging Cold
   268 | D        | Entered arena 8.
   268 | D        | Noticed a naga mage
   268 | D        | Noticed a naga mage
   272 | D        | Found a transporter.
   275 | D        | Reached skill level 1 in Invocations
   277 | D        | Killed a naga mage
   281 | D        | Killed a naga mage
   281 | D        | Reached skill level 15 in Maces & Flails
   385 | D        | Entered arena 9.
   385 | D        | Noticed a black mamba
   388 | D        | Reached XP level 10. HP: 109/115 MP: 11/13
   390 | D        | Killed a black mamba
   391 | D        | Reached skill level 5 in Invocations
   395 | D        | Found a transporter.
   422 | D        | Entered arena 10.
   422 | D        | Noticed Jessica
   422 | D        | Noticed Crazy Yiuf
   422 | D        | Noticed Dowan
   422 | D        | Noticed Duvessa
   422 | D        | Noticed Edmund
   422 | D        | Noticed Erica
   422 | D        | Noticed Erolcha
   422 | D        | Noticed Eustachio
   429 | D        | Killed Eustachio
   430 | D        | Killed Erica
   430 | D        | Reached skill level 16 in Maces & Flails
   432 | D        | Killed Edmund
   432 | D        | Killed Crazy Yiuf
   432 | D        | Killed Duvessa
   432 | D        | Killed Dowan
   435 | D        | Killed Jessica
   435 | D        | Killed Erolcha
   438 | D        | Found a transporter.
   453 | D        | Got the +6 trident "Aliose" {flame, rN+ Str+4}
   462 | D        | Got the ring of Insomnia {rElec rF- rC++ Int+2 Stlth+}
   480 | D        | Entered arena 11.
   480 | D        | Noticed a black mamba
   481 | D        | Found a transporter.
   487 | D        | Killed a black mamba
   487 | D        | Reached XP level 11. HP: 113/130 MP: 15/17
   488 | D        | Reached skill level 17 in Maces & Flails
   757 | D        | Entered arena 12.
   757 | D        | Noticed a skeletal warrior
   758 | D        | Noticed a necromancer
   758 | D        | Noticed a lich
   759 | D        | Noticed a reaper
   759 | D        | Found a transporter.
   765 | D        | Killed a skeletal warrior
   768 | D        | Killed a lich
   768 | D        | Reached skill level 15 in Fighting
   768 | D        | Reached skill level 10 in Invocations
   774 | D        | Killed a necromancer
   774 | D        | Reached skill level 18 in Maces & Flails
   798 | D        | Got the Compendium of Baldness
   801 | D        | Entered arena 13.
   802 | D        | Noticed a ghoul
   802 | D        | Noticed a soul eater
   813 | D        | Killed a soul eater
   817 | D        | Killed a ghoul
   920 | D        | Found a transporter.
   934 | D        | Got the Almanac of Augmentations and the Birds
   937 | D        | Entered arena 14.
   938 | D        | Noticed a flayed ghost
   939 | D        | Noticed a reaper
   940 | D        | Found the +8 demon trident "Rift" {distort, reach+}
   944 | D        | Found a transporter.
   951 | D        | Killed a flayed ghost
   958 | D        | Killed a reaper
   958 | D        | Reached XP level 12. HP: 104/144 MP: 20/20
   961 | D        | Reached skill level 19 in Maces & Flails
   974 | D        | Got the cursed +0 quarterstaff of Dominance {crush, Str+5}
   982 | D        | Got the +5 arbalest of the Eight Blessings {penet, +Blink
                  | rPois rF++ Dex-3}
  1043 | D        | Entered arena 15.
  1044 | D        | Noticed a spriggan air mage
  1044 | D        | Noticed a storm dragon
  1044 | D        | Noticed a spriggan air mage
  1044 | D        | Noticed a spriggan air mage
  1044 | D        | Noticed a spriggan air mage
  1045 | D        | Noticed a spriggan air mage
  1048 | D        | Found a transporter.
  1049 | D        | Killed a spriggan air mage
  1049 | D        | HP: 3/144 [air elemental/tornado (11)]
  1049 | D        | Killed a spriggan air mage
  1049 | D        | Killed from afar by a spriggan air mage

Skill      XL: |  1  2  3  4  5  6  7  8  9 10 11 12 |
---------------+-------------------------------------+-----
Maces & Flails | 7 9 11 12 15 16 18 19 | 19.0
Fighting       | 7 9 10 11 12 14 16 | 16.2
Armour         | 4 5 6 7 |  7.4
Dodging        | 5 6 7 |  7.9
Invocations    | 4 8 11 | 11.8
Stealth        | |  1.4

Action                   |  1- 3 |  4- 6 |  7- 9 | 10-12 || total
-------------------------+-------+-------+-------+-------++-------
Melee: Shillelagh        |     4 |     2 |    35 |    16 ||    57
       Great mace        |       |       |       |    63 ||    63
Evoke: Wand              |     1 |       |       |       ||     1
       Lightning rod     |       |       |    10 |     1 ||    11
       Lamp of fire      |       |       |       |     2 ||     2
  Use: Potion            |     1 |       |       |     1 ||     2
       Scroll            |       |       |     2 |       ||     2
  Eat: Ration            |       |       |       |     1 ||     1
Armor: Gold dragon scale |     1 |     1 |     7 |    87 ||    96
Dodge: Dodged            |       |       |       |    27 ||    27
Block: Shield            |     5 |       |    25 |     7 ||    37
